 Dungeon Crawl Stone Soup version 0.26-a0-639-g72c4674329 (webtiles) character file.

Game seed: 6794763703285616284

477 Flugslaktarn the Skirmisher (level 6, -1/57 HPs)
             Began as a Minotaur Fighter on Sept 21, 2020.
             Slain by a troll (11 damage)
             ... on level 5 of the Dungeon.
             The game lasted 00:01:39 (2295 turns).

Flugslaktarn the Skirmisher (Minotaur Fighter)      Turns: 2295, Time: 00:01:39

Health: -1/57      AC:  8    Str: 22    XL:     6   Next: 85%
Magic:  5/5        EV: 10    Int:  5    God:
Gold:   146        SH:  0    Dex: 10    Spells: 5/5 levels left

rFire    . . .     SeeInvis .   n - +0 battleaxe (freeze)
rCold    . . .     Faith    .   (shield currently unavailable)
rNeg     . . .     Spirit   .   b - +0 scale mail
rPois    .         Reflect  .   (helmet restricted)
rElec    .         Harm     .   m - +0 cloak
rCorr    .         Rampage  .   (no gloves)
MR       .....                  (no boots)
Stlth    ..........             (no amulet)
HPRegen  0.19/turn              (no ring)
MPRegen  0.09/turn              (no ring)

@: hasted, very quick
A: retaliatory headbutt, horns 2
a: no special abilities


You were on level 5 of the Dungeon.
You visited 1 branch of the dungeon, and saw 5 of its levels.

You collected 146 gold pieces.

Inventory:

Hand Weapons
 a - a +0 war axe
 n - a +0 battleaxe of freezing (weapon)
   (You found it on level 4 of the Dungeon)
Armour
 b - a +0 scale mail (worn)
 c - a +0 kite shield
 m - a +0 cloak (worn)
   (You found it on level 4 of the Dungeon)
Jewellery
 l - an uncursed ring of ice {unknown}
   (You found it on level 4 of the Dungeon)
Scrolls
 d - a scroll of amnesia {unknown}
 e - a scroll of enchant armour {unknown}
 g - a scroll of magic mapping {unknown}
 r - a scroll of identify
 t - 3 scrolls of teleportation
 x - a scroll of remove curse
Potions
 h - a potion of ambrosia
 i - a potion of stabbing
 k - a potion of degeneration {unknown}


   Skills:
 * Level 6.1 Fighting
 * Level 5.5 Axes
 + Level 5.0 Armour
 + Level 1.6 Dodging
 - Level 4.5 Shields


You had 5 spell levels left.
You didn't know any spells.
Your spell library was empty.

Dungeon Overview and Level Annotations

Branches:
Dungeon (5/15)
 Temple: D:4-7

Altars:
Cheibriados
Xom


Innate Abilities, Weirdness & Mutations

You reflexively headbutt those who attack you in melee.
You have a pair of horns on your head.


Message History

You barely miss the crimson imp.
You headbutt the crimson imp, but do no damage.
The crimson imp hits you but does no damage.
The crimson imp blinks!
The crimson imp spits at you.
The crimson imp blinks!
The troll bites you! The troll claws you. x2
You barely miss the troll. You barely miss the crimson imp.
The crimson imp barely misses you. The troll bites you!
The troll closely misses you. The troll claws you.
The crimson imp blinks!
The crimson imp hits you but does no damage.
You are too injured to fight recklessly!
You are too injured to fight recklessly!
The crimson imp blinks!
The crimson imp shouts, "Slither hence, thou impertinent crook-pated bladder!"
It was a potion of haste.
You feel yourself speed up. The troll barely misses you. The troll claws you!
* * * LOW HITPOINT WARNING * * *
The troll barely misses you.
The crimson imp blinks!
You barely miss the troll. The troll bites you!
You die...

≈≈≈≈≈≈≈.#####.#
≈≈≈≈≈≈≈≈≈≈###.#
≈≈≈≈≈≈≈≈≈≈≈≈#.#
≈≈≈≈≈≈≈≈≈≈≈≈≈≈##
≈####≈≈≈≈≈≈≈≈≈≈##
##..≈≈≈≈≈≈≈≈# .....≈≈≈≈≈≈#
#...###≈≈≈≈# #.# ##@###
... #.#####T#### #.#
#......§...# #.#
#######.##.# #.# #####
#..#.# #.# #...####5.#.#
#.# # #...........#
#.#####
#.###...####....####.#...#
#........................#


You could see a troll and a crimson imp.

Vanquished Creatures
  A phantom (D:5)
  A bullfrog (D:4)
  A scorpion (D:4)
  A howler monkey (D:4)
  A bullfrog skeleton (D:4)
  2 orc wizards
  A worker ant (D:4)
  3 gnolls (D:4)
  4 adders
  A shadow imp (D:5)
  A white imp (D:5)
  An ufetubus (D:5)
  2 adder zombies (D:5)
  2 worms
  A dart slug (D:5)
  5 orcs
  A giant cockroach (D:1)
  2 goblins
  5 hobgoblins
  3 jackals (D:3)
  2 kobolds (D:1)
  A bat (D:1)
  2 frilled lizards (D:1)
  A quokka zombie (D:5)
45 creatures vanquished.

Notes
Turn   | Place    | Note
-------+----------+-------------------------------------------
     0 | D:1      | Flugslaktarn the Minotaur Fighter began the quest for the
                  | Orb.
     0 | D:1      | Reached XP level 1. HP: 19/19 MP: 0/0
    97 | D:1      | Reached XP level 2. HP: 25/27 MP: 1/1
   118 | D:2      | Reached skill level 4 in Fighting
   179 | D:3      | Reached XP level 3. HP: 33/33 MP: 2/2
   258 | D:4      | Reached XP level 4. HP: 22/41 MP: 3/3
   568 | D:4      | Reached skill level 5 in Fighting
   568 | D:4      | Reached XP level 5. HP: 44/48 MP: 4/4
   769 | D:4      | HP: 2/48 [poisoned by a scorpion]
   772 | D:4      | Reached XP level 6. HP: 6/56 MP: 5/5
  1346 | D:5      | Entered Level 5 of the Dungeon
  1349 | D:5      | Reached skill level 5 in Axes
  1349 | D:5      | Reached skill level 1 in Dodging
  1475 | D:5      | Reached skill level 6 in Fighting
  1689 | D:5      | Found a shimmering altar of Xom.
  1689 | D:5      | Noticed a troll
  2071 | D:5      | Reached skill level 5 in Armour
  2249 | D:5      | Found a snail-covered altar of Cheibriados.
  2295 | D:5      | Slain by a troll

Illustrated notes

Levels and vault maps discovered:
D:1:      lemuel_arrival_room, layout_rooms, palyth_stone_intersect
D:2:      layout_basic, uniq_robin, uniq_natasha
D:3:      layout_rooms, grunt_temple_overflow_champion_of_chaos,
          lemuel_coloured_pillars_altar, led_sif_book, minivault_4,
          mrwooster_statue_mirror
D:4:      layout_loops_cross
D:5:      wander_river, layout_loops_ring, kennysheep_slug_shrine, led_xom_imps

Skill      XL: |  1  2  3  4  5  6 |
---------------+-------------------+-----
Fighting       | 4 5 6 |  6.1
Axes           | 3 4 5 |  5.5
Armour         | 4 5 |  5.0
Shields        | 4 |  4.5
Dodging        | 1 |  1.6

Action                   |  1- 3 |  4- 6 || total
-------------------------+-------+-------++-------
Melee: War axe           |    40 |     9 ||    49
       Headbutt          |     8 |    19 ||    27
       Battleaxe         |       |    84 ||    84
  Use: Potion            |       |     5 ||     5
       Scroll            |       |     4 ||     4
Armor: Scale mail        |    20 |    55 ||    75
Dodge: Dodged            |    19 |    47 ||    66
Block: Kite shield       |    27 |     2 ||    29

Table legend: (Time is in decaauts)
 A = Elapsed time spent in this place.
 B = Non-inter-level travel time spent in this place.
 C = Inter-level travel time spent in this place.
 D = Time resting spent in this place.
 E = Time spent auto-exploring this place.
 F = Levels seen in this place.
 G = Mean time per level.
                   A        B        C        D        E       F      G
               +--------+--------+--------+--------+--------+-----+--------+
         Total |   2356 |   2273 |     83 |    568 |   1239 |   5 |  471.2 |
       Dungeon |   2356 |   2273 |     83 |    568 |   1239 |   5 |  471.2 |
               +--------+--------+--------+--------+--------+-----+--------+

Top non-repeatable levels by time:
     D:4: 1167 daAuts
     D:5: 982 daAuts
     D:1: 116 daAuts
     D:2: 65 daAuts
     D:3: 25 daAuts
